 Dungeon Crawl Stone Soup version 0.32-a0-986-ga09f62fbf4 (webtiles) character file.

Game seed: 15129097889191530353

60547 shadizar the Thaumaturge (level 15, -5/111 HPs)
             Began as a Djinni Conjurer on Apr 21, 2024.
             Was the Champion of Makhleb.
             Hit by a silver javelin thrown by a minotaur (6 damage)
             ... in a Gauntlet.
             The game lasted 00:24:24 (17438 turns).

shadizar the Thaumaturge (Djinni Conjurer)         Turns: 17438, Time: 00:24:24

Health: -5/111     AC: 11    Str:  6    XL:     15   Next: 38%
Gold:   1142       EV: 14    Int: 33    God:    Makhleb [******] SH:  5 Dex: 12

rFire   + + .        K - staff of conjuration
rCold   + . .        g - +0 buckler
rNeg    . . .        Y - +0 leather armour of the Camelopard {rC+ Regen+ Stlth+}
rPois   ∞            x - +1 helmet
rElec   +            F - +2 cloak
rCorr   +            i - +1 pair of gloves
SInv    .            (boots unavailable)
Will    +....        Q - amulet of regeneration
Stlth   +++++        G - ring of Hideo {rF+ Int+6 Stlth+}
HPRegen 1.98/turn    Z - ring of the Median {Ice rElec rCorr}

%: no teleportation, infuse magic (-6 HP)
@: flying
A: sickness immunity, fire resistance 2, cold vulnerability 1, float, innate
caster, HP casting, extra vitality 1
a: Renounce Religion, Minor Destruction, Lesser Servant of Makhleb, Major
Destruction, Greater Servant of Makhleb


You were in a Gauntlet.
You worshipped Makhleb.
Makhleb was exalted by your worship.
You visited 3 branches of the dungeon, and saw 17 of its levels.
You also visited: Gauntlet.

You collected 1142 gold pieces.

Inventory:

Armour
 g - a +0 buckler (worn)
 i - a +1 pair of gloves (worn)
 x - a +1 helmet (worn)
 B - a +1 cloak of stealth
 F - a +2 cloak (worn)
 Y - the +0 leather armour of the Camelopard (worn) {rC+ Regen+ Stlth+}
   (You found it on level 5 of the Lair of Beasts)

   rC+:       It protects you from cold.
   Regen+:    It increases your rate of health regeneration.
   Stlth+:    It makes you more stealthy.
Magical Staves
 y - a staff of earth
 K - a staff of conjuration (weapon)
Jewellery
 h - a +4 ring of protection
 u - the ring "Bamesi Zietz" {*Corrode MP+9 Int-2 Dex+8 SInv}
   (You found it on level 5 of the Dungeon)

   [ring of magical power]

   Int-2:     It affects your intelligence (-2).
   Dex+8:     It affects your dexterity (+8).
   MP+9:      It affects your magic capacity (+9).
   SInv:      It lets you see invisible.
   *Corrode:  It may corrode you when you take damage.
 z - the ring "Uxzicif" {Fire +Blink Str+3 Int+6 Stlth-}
   (You found it on level 6 of the Dungeon)

   [ring of fire]

   Fire:      It enhances your fire magic.
   Str+3:     It affects your strength (+3).
   Int+6:     It affects your intelligence (+6).
   rF+:       It protects you from fire.
   rC-:       It makes you vulnerable to cold.
   +Blink:    It lets you blink.
   Stlth-:    It makes you less stealthy.
 G - the ring of Hideo (left hand) {rF+ Int+6 Stlth+}
   (You found it in a Gauntlet)

   [ring of intelligence]

   Int+6:     It affects your intelligence (+6).
   rF+:       It protects you from fire.
   Stlth+:    It makes you more stealthy.
 Q - an amulet of regeneration (around neck)
 Z - the ring of the Median (right hand) {Ice rElec rCorr}
   (You found it on level 5 of the Lair of Beasts)

   [ring of ice]

   Ice:       It enhances your ice magic.
   rF-:       It makes you vulnerable to fire.
   rC+:       It protects you from cold.
   rElec:     It insulates you from electricity.
   rCorr:     It protects you from acid and corrosion.
Wands
 j - a wand of quicksilver (5)
 m - a wand of charming (3)
 n - a wand of flame (8)
 q - a wand of mindburst (15)
 V - a wand of iceblast (4)
Scrolls
 a - 4 scrolls of identify
 b - 3 scrolls of blinking
 c - a scroll of enchant weapon
 d - a scroll of fear
 e - 2 scrolls of vulnerability
 k - a scroll of poison
 r - a scroll of fog
 v - a scroll of enchant armour {unknown}
 A - a scroll of silence
 C - a scroll of brand weapon
 E - a scroll of noise {unknown}
Potions
 f - 2 potions of magic {unknown}
 l - 4 potions of haste
 o - a potion of berserk rage
 p - 6 potions of curing
 s - 2 potions of invisibility
 t - 6 potions of heal wounds
 w - a potion of lignification
 D - 2 potions of might
 H - 2 potions of cancellation
 O - a potion of enlightenment
 S - a potion of resistance


   Skills:
 + Level 11.3 Fighting
 + Level 6.4 Armour
 + Level 12.5 Dodging
 - Level 8.0 Stealth
 + Level 6.4 Shields
 * Level 13.6 Spellcasting
 * Level 13.6 Conjurations
 * Level 13.6 Hexes
   Level 0.0 Charms
 * Level 13.6 Summonings
 * Level 13.6 Necromancy
 * Level 13.6 Translocations
   Level 0.0 Transmutations
 * Level 13.6 Fire Magic
 * Level 13.6 Ice Magic
 * Level 13.6 Air Magic
 * Level 13.6 Earth Magic
 * Level 13.6 Alchemy


You knew the following spells:

 Your Spells              Type           Power      Damage    Failure   Level
a - Magic Dart            Conj           100%       1d8       0%          1
b - Searing Ray           Conj           100%       2d8       1%          2
c - Fulminant Prism       Conj/Alch      53%        3d22      1%          4
d - Iskenderun's Mystic   Conj/Tloc      100%       2d19      (+2d11%     4
e - Foxfire               Conj/Fire      100%       2x1d9     0%          1
f - Ensorcelled Hibernat  Hex/Ice        100%       N/A       1%          2
g - Tukima's Dance        Hex            85%        N/A       1%          3
h - Inner Flame           Hex/Fire       85%        N/A       1%          3
i - Cause Fear            Hex            42%        N/A       1%          4
j - Arcjolt               Conj/Air       53%        1d63      1%          5
k - Starburst             Conj/Fire      53%        6d14      2%          6
Your spell library was empty.

Dungeon Overview and Level Annotations

Branches:
Dungeon (11/15)            Temple (1/1) D:5            Lair (5/5) D:8
  Swamp (0/4) Lair:2        Snake (0/4) Lair:2        Slime (0/5) Lair:5
    Orc (0/2) D:9         Gauntlet (1/1)

Altars:
Ashenzari
Cheibriados
Dithmenos
Elyvilon
Fedhas
Gozag
Hepliaklqana
Makhleb
Nemelex Xobeh
Okawaru
Qazlal
Ru
Trog
Uskayaw
Wu Jian
Xom
Yredelemnul
Zin
The Shining One
Jiyva
Lugonu

Portals:
Abyss: Lair:5

Annotations:
Gauntlet 6 transporters


Innate Abilities, Weirdness & Mutations

You are immune to sickness and miasma.
You are immune to poison.
Your flesh is very heat resistant. (rF++)
You are vulnerable to cold. (rC-)
You float through the air rather than walking.
You learn spells naturally, not from books.
Your magical power is your life essence.
You have superior vitality. (+4 MHP)


Message History

Your fulminant prism explodes!
The blast of energy engulfs the minotaur!!!
The minotaur is heavily wounded.
Casting: Fulminant Prism (safe; 1% risk of failure)
Confirm with . or Enter, or press ? or * to list all spells.
Aiming: Fulminant Prism (safe; 1% risk of failure)
Press: ? - help, Dir - move target You feel a surge of power!
You conjure a prism of explosive energy!
A fulminant prism comes into view.
Unknown command.
The minotaur throws a silver javelin.
The silver javelin closely misses you.
Your fulminant prism crackles loudly.
Your fulminant prism explodes!
The minotaur hits you with the +11 war axe of Propriety!!
The minotaur burns you. The minotaur gores you!
The minotaur hits you with the +11 war axe of Propriety!!
* * * LOW HITPOINT WARNING * * *
The minotaur gores you but does no damage.
Casting: Fulminant Prism (safe; 1% risk of failure)
Confirm with . or Enter, or press ? or * to list all spells.
You feel a surge of power!
You erupt in a blast of force!
The mystic blast hits the minotaur!
The minotaur is almost dead.
The minotaur is knocked back by the mystic blast.
The minotaur slams into the crystal wall.
* * * LOW HITPOINT WARNING * * *
Unknown command.
Unknown command.
Unknown command.
Unknown command.
Unknown command.
Casting: Iskenderun's Mystic Blast (safe; 1% risk of failure)
Confirm with . or Enter, or press ? or * to list all spells.
You can't see any susceptible monsters within range! (Use Z to cast anyway.) Unknown command.
The minotaur throws a silver javelin.
The silver javelin pierces through you!!
* * * LOW HITPOINT WARNING * * *
You die...

...©..©#.###.ß.#
.###.^=#..##....
.#.###=#...#.ß.#
.#...42#.∩.#...# #
########...#.©.# .#
...#.....ß.#...###.
########...#.©.#H.
)†.....#.∩.#...#.# #####
..#.#..#...#.ß.#@#.....#
†.#.#..#..##..........ß#
..#©#.§#.###.ß.###.##.##
..#.#..#.≈##.... ...
..#.#..#.≈≈#.ß.# ###
.......#.≈##...#
########.#######
.........≈# ≈≈≈#≈≈≈#≈≈≈#


You could see a minotaur.

Vanquished Creatures
  Gastronok (Lair:1)
  4 hydras
  4 centaur warriors (D:8)
  A death scarab (Gauntlet)
  3 two-headed ogres
  11 death yaks
  2 thrashing horrors (Lair:5)
  A tengu warrior (D:8)
  A fire crab (D:8)
  An arcanist (D:8)
  A lindwurm (Lair:5)
  A necromancer (Gauntlet)
  A cyclops (D:8)
  A salamander (Lair:2)
  3 ugly things
  3 large abominations (Lair:5)
  5 elephants (Lair:5)
  3 black mambas
  10 cane toads
  A cane toad (shapeshifter) (D:8)
  3 torpor snails
  A gargoyle (D:8)
  3 rime drakes
  17 komodo dragons
  A queen bee (shapeshifter) (Lair:5)
  A queen bee (Gauntlet)
  A tyrant leech (Lair:2)
  A spectral dream sheep (Gauntlet)
  Prince Ribbit (D:5)
  A jumping spider (shapeshifter) (Lair:5)
  34 blink frogs
  2 raiju (Lair:5)
  A hornet (D:9)
  9 dream sheep
  A slime creature (D:8)
  40 yaks
  A wraith (D:10)
  A spriggan (Lair:5)
  11 small abominations (Lair:5)
  A yak (shapeshifter) (Lair:5)
  Eustachio (D:5)
  6 basilisks
  3 wyverns
  Grum (D:11)
  4 chaos spawn (Lair:5)
  2 swamp worms (Lair:2)
  An acid dragon (D:10)
  12 water moccasins
  3 orc warriors
  3 ice beasts
  A black bear (Lair:3)
  2 ogres
  8 wolves
  3 centaurs
  3 phantoms
  3 kobold brigands (D:9)
  7 bullfrogs
  A gnoll sergeant (D:5)
  2 scorpions
  3 wights (D:8)
  27 killer bees
  An electric eel (Lair:2)
  2 lava snakes (Lair:2)
  10 howler monkeys
  2 jellies (Lair:5)
  3 bombardier beetles
  10 orc priests
  4 gnoll boudas
  A hound (D:7)
  A sleepcap (D:7)
  15 iguanas
  6 hell rats (Lair:5)
  7 orc wizards
  Robin (D:4)
  16 adders
  19 gnolls
  4 ufetubi
  3 dart slugs
  6 ribbon worms
  36 orcs
  4 endoplasms
  6 hobgoblins
  6 jackals
  4 quokkas
  6 ball pythons
  4 bats
  15 frilled lizards
  18 goblins
  24 kobolds
  4 rats
523 creatures vanquished.

Vanquished Creatures (others)
  2 kobold brigands
  A kobold (D:8)
  14 fulminant prisms
17 creatures vanquished.

Grand Total: 540 creatures vanquished

Notes
Turn   | Place    | Note
-------+----------+-------------------------------------------
     0 | D:1      | shadizar the Djinni Conjurer began the quest for the Orb.
     0 | D:1      | shadizar set off with the following spells memorised: Magic
                  | Dart, Searing Ray, Fulminant Prism, Iskenderun's Mystic
                  | Blast.
     0 | D:1      | Reached XP level 1. HP: 15/15 MP: 0/0
   213 | D:1      | Reached XP level 2. HP: 20/21 MP: 0/0
   754 | D:1      | Reached XP level 3. HP: 24/25 MP: 0/0
   754 | D:1      | Learned a level 1 spell: Foxfire
   827 | D:1      | Found a faded altar of an unknown god.
  1167 | D:2      | Reached XP level 4. HP: 16/31 MP: 0/0
  1966 | D:3      | Identified the +9 short sword of Reason {venom, *Corrode
                  | rC- Dex+8}
  2019 | D:3      | Found a stormy altar of Qazlal.
  2043 | D:3      | Reached skill level 5 in Spellcasting
  2043 | D:3      | Reached skill level 5 in Conjurations
  2043 | D:3      | Reached skill level 5 in Hexes
  2043 | D:3      | Reached skill level 5 in Summonings
  2043 | D:3      | Reached skill level 5 in Necromancy
  2043 | D:3      | Reached skill level 5 in Translocations
  2043 | D:3      | Reached skill level 5 in Fire Magic
  2043 | D:3      | Reached skill level 5 in Ice Magic
  2043 | D:3      | Reached skill level 5 in Air Magic
  2043 | D:3      | Reached skill level 5 in Earth Magic
  2043 | D:3      | Reached skill level 5 in Alchemy
  2043 | D:3      | Reached XP level 5. HP: 31/35 MP: 0/0
  2043 | D:3      | Learned a level 2 spell: Ensorcelled Hibernation
  2066 | D:3      | Noticed a steam dragon
  2575 | D:4      | Noticed Robin
  2588 | D:4      | Killed Robin
  2701 | D:4      | Reached XP level 6. HP: 35/40 MP: 0/0
  2760 | D:4      | Noticed an ogre
  2766 | D:4      | Killed an ogre
  3528 | D:5      | Entered Level 5 of the Dungeon
  3528 | D:5      | Noticed an ogre
  3535 | D:5      | Killed an ogre
  3536 | D:5      | Reached XP level 7. HP: 33/45 MP: 0/0
  3536 | D:5      | Learned a level 3 spell: Tukima's Dance
  3632 | D:5      | Identified the ring "Bamesi Zietz" {*Corrode MP+9 Int-2
                  | Dex+8 SInv}
  3660 | D:5      | Noticed a water moccasin
  3667 | D:5      | Killed a water moccasin
  3960 | D:5      | Reached XP level 8. HP: 36/50 MP: 0/0
  4114 | D:5      | Noticed Eustachio
  4121 | D:5      | Killed Eustachio
  4126 | D:5      | Found a staircase to the Ecumenical Temple.
  4267 | D:5      | Noticed Prince Ribbit
  4269 | Temple   | Entered the Ecumenical Temple
  4290 | Temple   | Became a worshipper of Makhleb the Destroyer
  4329 | D:5      | Killed Prince Ribbit
  4666 | D:5      | Found a glowing silver altar of Zin.
  4666 | D:5      | Found an opulent altar of Gozag.
  4905 | D:6      | Reached XP level 9. HP: 46/56 MP: 0/0
  4905 | D:6      | Learned a level 3 spell: Inner Flame
  4911 | D:6      | Reached skill level 1 in Fighting
  4911 | D:6      | Reached skill level 1 in Armour
  4911 | D:6      | Reached skill level 1 in Shields
  5148 | D:6      | Identified the ring "Uxzicif" {Fire +Blink Str+3 Int+6
                  | Stlth-}
  5424 | D:6      | Reached * piety under Makhleb
  5606 | D:6      | Found an ornate altar of the Wu Jian Council.
  5638 | D:6      | Found a bloodstained altar of Trog.
  5641 | D:6      | Found a hide-covered altar of Uskayaw.
  6841 | D:8      | Reached ** piety under Makhleb
  6845 | D:8      | Reached XP level 10. HP: 46/67 MP: 0/0
  6905 | D:8      | Reached skill level 5 in Dodging
  7359 | D:8      | Noticed a tengu warrior
  7359 | D:8      | Noticed a two-headed ogre
  7359 | D:8      | Noticed a centaur warrior
  7359 | D:8      | Noticed an arcanist
  7364 | D:8      | Killed a tengu warrior
  7364 | D:8      | Killed a two-headed ogre
  7364 | D:8      | Noticed a cane toad
  7365 | D:8      | Reached skill level 5 in Fighting
  7365 | D:8      | Reached skill level 5 in Armour
  7365 | D:8      | Reached skill level 5 in Shields
  7368 | D:8      | Killed a centaur warrior
  7369 | D:8      | Killed a cane toad
  7369 | D:8      | Killed an arcanist
  7370 | D:8      | Reached XP level 11. HP: 55/76 MP: 0/0
  7370 | D:8      | Learned a level 4 spell: Cause Fear
  7370 | D:8      | Noticed a centaur warrior
  7372 | D:8      | Killed a centaur warrior
  7372 | D:8      | Noticed a green ugly thing
  7376 | D:8      | Killed a green ugly thing
  7376 | D:8      | Noticed a cyclops
  7380 | D:8      | Killed a cyclops
  8008 | D:8      | Noticed a centaur warrior
  8008 | D:8      | Noticed a centaur warrior
  8059 | D:8      | Found a runed translucent door.
  8172 | D:8      | Noticed a fire crab
  8187 | D:8      | Killed a fire crab
  8299 | D:8      | Found a staircase to the Lair.
  8534 | D:8      | Killed a centaur warrior
  8535 | D:8      | Reached skill level 10 in Spellcasting
  8535 | D:8      | Reached skill level 10 in Conjurations
  8535 | D:8      | Reached skill level 10 in Hexes
  8535 | D:8      | Reached skill level 10 in Summonings
  8535 | D:8      | Reached skill level 10 in Necromancy
  8535 | D:8      | Reached skill level 10 in Translocations
  8535 | D:8      | Reached skill level 10 in Fire Magic
  8535 | D:8      | Reached skill level 10 in Ice Magic
  8535 | D:8      | Reached skill level 10 in Air Magic
  8535 | D:8      | Reached skill level 10 in Earth Magic
  8535 | D:8      | Reached skill level 10 in Alchemy
  8537 | D:8      | Killed a centaur warrior
  8660 | Lair:1   | Entered Level 1 of the Lair of Beasts
  8695 | Lair:1   | Noticed Gastronok
  8709 | Lair:1   | Killed Gastronok
  8710 | Lair:1   | Reached XP level 12. HP: 31/85 MP: 0/0
  9036 | Lair:1   | Reached *** piety under Makhleb
  9287 | Lair:1   | Identified the +3 hand axe "Fyhouc" {venom, rElec rC++}
 10477 | Lair:2   | Found a staircase to the Snake Pit.
 10775 | Lair:2   | Noticed a four-headed hydra
 10780 | Lair:2   | Killed a four-headed hydra
 10781 | Lair:2   | Reached XP level 13. HP: 61/93 MP: 0/0
 10781 | Lair:2   | Learned a level 5 spell: Arcjolt
 10974 | Lair:2   | Identified the ring "Cirudaw" {Wiz Dex+2}
 11095 | Lair:2   | Reached **** piety under Makhleb
 11237 | Lair:2   | Noticed a four-headed hydra
 11250 | Lair:2   | Killed a four-headed hydra
 11251 | Lair:2   | Reached skill level 10 in Dodging
 11251 | Lair:2   | Reached skill level 5 in Stealth
 11294 | Lair:2   | Found a staircase to the Swamp.
 11693 | Lair:3   | Noticed a four-headed hydra
 11701 | Lair:3   | Killed a four-headed hydra
 12618 | Lair:4   | Found a runed translucent door.
 13377 | Lair:4   | Noticed a seven-headed hydra
 13383 | Lair:4   | Killed a seven-headed hydra
 13429 | Lair:5   | Entered Level 5 of the Lair of Beasts
 13456 | Lair:5   | Reached ***** piety under Makhleb
 13461 | Lair:5   | Reached XP level 14. HP: 59/102 MP: 0/0
 13480 | Lair:5   | Reached skill level 10 in Fighting
 13506 | Lair:5   | Found a viscous altar of Jiyva.
 13509 | Lair:5   | Found a staircase to the Slime Pits.
 13822 | Lair:5   | Identified the +5 hand axe of Hubris {venom, rPois rC+}
 14533 | Lair:5   | Reached ****** piety under Makhleb
 14718 | Lair:5   | Identified the +0 leather armour of the Camelopard {rC+
                  | Regen+ Stlth+}
 14934 | Lair:5   | Found a corrupted altar of Lugonu.
 14934 | Lair:5   | Found a one-way gate to the infinite horrors of the Abyss.
 14952 | Lair:5   | Identified the ring of the Median {Ice rElec rCorr}
 15411 | D:9      | Reached XP level 15. HP: 109/109 MP: 0/0
 15411 | D:9      | Learned a level 6 spell: Starburst
 15563 | D:9      | Identified the +0 chain mail "Peohuapn" {rN+}
 15590 | D:9      | Found a staircase to the Orcish Mines.
 16095 | D:10     | Entered Level 10 of the Dungeon
 16920 | D:10     | Identified the +0 ring mail of the Valley of Death {Str+3}
 17154 | D:11     | Noticed Grum
 17164 | D:11     | Killed Grum
 17167 | D:11     | Found a gate leading to a gauntlet.
 17183 | Gauntlet | Entered a Gauntlet
 17183 | Gauntlet | Found a transporter.
 17183 | Gauntlet | Found a transporter.
 17197 | Gauntlet | Found a transporter.
 17201 | Gauntlet | Found a transporter.
 17215 | Gauntlet | Found a transporter.
 17219 | Gauntlet | Found a transporter.
 17233 | Gauntlet | Found a transporter.
 17250 | Gauntlet | Found a transporter.
 17265 | Gauntlet | Found a transporter.
 17269 | Gauntlet | Found a transporter.
 17283 | Gauntlet | Found a transporter.
 17287 | Gauntlet | Found a transporter.
 17411 | Gauntlet | Identified the ring of Hideo {rF+ Int+6 Stlth+}
 17428 | Gauntlet | Identified the +11 war axe of Propriety {flame, Str+7}
 17438 | Gauntlet | HP: 1/111 [minotaur/silver javelin (30)]
 17438 | Gauntlet | Hit by a silver javelin thrown by a minotaur

Illustrated notes

Levels and vault maps discovered:
D:1:      kilobyte_arrival_exit_the_forest, layout_basic, basic_ecumenical_altar
D:2:      layout_basic
D:3:      layout_loops_ring, nicolae_qazlal_eye_of_the_storm,
          lightli_corner_chamber
D:4:      nicolae_cairo_tiling, layout_basic, dk_vineyard_1,
          nicolae_elevator_lobby_plus, uniq_robin
D:5:      layout_rooms, grunt_temple_overflow_gold_and_silver,
          minmay_temple_entry_overgrown, kennysheep_dice, uniq_eustachio,
          uniq_prince_ribbit1
D:6:      minmay_inner_zag, layout_rooms, gammafunk_temple_overflow_pools,
          nzn_wu_jian_council_hall, minmay_fractal_squares_5
D:7:      layout_basic
D:8:      minmay_the_grid_triangle_9x9_recursive_2
          [minmay_the_grid_triangle_9x9_prize_top_heavy,
          minmay_the_grid_triangle_9x9_subtriangle,
          minmay_the_grid_triangle_9x9_minimal,
          minmay_the_grid_triangle_9x9_intruding_spiral], layout_gridville,
          minmay_lair_entry_lava, chequers_mini_garden
D:9:      layout_rooms, orc_0_dummy, serial_corexii_hall,
          corexii_hall_statues_u, corexii_hall_statues_u,
          chequers_hall_statues_y, chequers_hall_statues_y
D:10:     layout_basic
D:11:     layout_basic, gauntlet_entry_generic, feat_on_display, uniq_maurice,
          uniq_grum
Temple:   nicolae_temple_slightly_damp_pantheon
Lair:1:   layout_cave_pods, uniq_gastronok
Lair:2:   layout_roguey, palyth_hydra_swamp_entry,
          nicolae_snake_entry_warm_welcome, infiniplex_staircase_pool
Lair:3:   layout_roguey
Lair:4:   lemuel_reptile_caves, layout_hall_layers, pf_torpor_hydra,
          infiniplex_staircase_pool_2, grunt_megastairs_4
Lair:5:   hellmonk_lair_end_abyssal_woods, layout_misc_corridors, slime_entry_2
Gauntlet: minmay_gauntlet_77_indecision [minmay_gauntlet_arena_77_block_sizes,
          minmay_gauntlet_arena_77_braids,
          minmay_gauntlet_arena_77_terracotta_army,
          minmay_gauntlet_arena_77_broken_ladder,
          minmay_gauntlet_arena_77_chump_sandwich,
          minmay_gauntlet_arena_77_mirror,
          nicolae_gauntlet_exit_dead_adventurers]

Skill      XL: |  1  2  3  4  5  6  7  8  9 10 11 12 13 14 15 |
---------------+----------------------------------------------+-----
Spellcasting   | 4 5 6 7 8 9 10 11 12 13 | 13.6
Conjurations   | 4 5 6 7 8 9 10 11 12 13 | 13.6
Hexes          | 4 5 6 7 8 9 10 11 12 13 | 13.6
Summonings     | 4 5 6 7 8 9 10 11 12 13 | 13.6
Necromancy     | 4 5 6 7 8 9 10 11 12 13 | 13.6
Translocations | 4 5 6 7 8 9 10 11 12 13 | 13.6
Fire Magic     | 4 5 6 7 8 9 10 11 12 13 | 13.6
Ice Magic      | 4 5 6 7 8 9 10 11 12 13 | 13.6
Air Magic      | 4 5 6 7 8 9 10 11 12 13 | 13.6
Earth Magic    | 4 5 6 7 8 9 10 11 12 13 | 13.6
Alchemy        | 4 5 6 7 8 9 10 11 12 13 | 13.6
Fighting       | 3 5 7 8 9 10 11 | 11.3
Armour         | 3 5 6 |  6.4
Shields        | 3 5 6 |  6.4
Dodging        | 4 6 8 9 10 12 | 12.5
Stealth        | 2 4 6 7 8 |  8.0

Action                     |  1- 3 |  4- 6 |  7- 9 | 10-12 | 13-15 || total
---------------------------+-------+-------+-------+-------+-------++-------
  Melee: Staff             |       |       |       |     4 |     8 ||    12
   Cast: Magic Dart        |    54 |   131 |   174 |   118 |   246 ||   723
         Searing Ray       |     2 |     1 |       |       |       ||     3
         Iskenderun's Myst |       |     6 |    55 |   146 |   319 ||   526
         Ensorcelled Hiber |       |     1 |       |       |       ||     1
         Fulminant Prism   |       |       |       |     5 |     9 ||    14
    Use: Potion            |       |       |     1 |       |       ||     1
         Scroll            |       |       |       |       |    24 ||    24
 Armour: Robe              |    12 |    11 |    15 |    38 |    51 ||   127
         Leather armour    |       |       |       |       |    23 ||    23
  Dodge: Dodged            |     1 |     7 |    16 |    23 |    54 ||   101
  Block: Other             |     4 |     2 |     1 |       |       ||     7
         Buckler           |       |       |    15 |    22 |    35 ||    72
         Reflection        |       |       |     4 |    11 |       ||    15

Table legend: (Time is in decaauts)
 A = Elapsed time spent in this place.
 B = Non-inter-level travel time spent in this place.
 C = Inter-level travel time spent in this place.
 D = Time resting spent in this place.
 E = Time spent auto-exploring this place.
 F = Levels seen in this place.
 G = Mean time per level.
                   A        B        C        D        E       F      G
               +--------+--------+--------+--------+--------+-----+--------+
         Total |  17436 |  16823 |    613 |      0 |  13627 |  18 |  968.7 |
       Dungeon |  10392 |  10069 |    323 |      0 |   8484 |  11 |  944.7 |
        Temple |     56 |     36 |     20 |      0 |      0 |   1 |   56.0 |
          Lair |   6733 |   6464 |    269 |      0 |   5142 |   5 | 1346.6 |
      Gauntlet |    253 |    253 |      0 |      0 |      1 |   1 |  253.0 |
               +--------+--------+--------+--------+--------+-----+--------+

Top non-repeatable levels by time:
  Lair:5: 1874 daAuts
     D:8: 1714 daAuts
  Lair:1: 1477 daAuts
  Lair:2: 1449 daAuts
     D:5: 1301 daAuts
     D:7: 1051 daAuts
  Lair:4: 1045 daAuts
     D:6: 1021 daAuts
     D:1: 1020 daAuts
     D:4: 952 daAuts
  Lair:3: 887 daAuts
    D:10: 840 daAuts
     D:2: 800 daAuts
     D:3: 753 daAuts
     D:9: 689 daAuts
